 Dungeon Crawl Stone Soup version 0.18-a0-1347-gb9e2fb4 (webtiles) character file.

112 M4edhros the Sneak (level 4, -10/31 HPs)
             Began as an Octopode Monk on Feb 17, 2016.
             Mangled by an ogre
             ... wielding a +0 giant club
              (18 damage)
             ... on level 5 of the Dungeon.
             The game lasted 00:02:31 (1119 turns).

M4edhros the Sneak (Octopode Monk)                  Turns: 1119, Time: 00:02:32

Health: -10/31     AC:  1    Str: 10    XL:     4   Next: 93%
Magic:  4/4        EV: 13    Int: 12    God:
Gold:   109        SH:  0    Dex: 15    Spells: 0 memorised, 3 levels left

rFire  . . .     SeeInvis .       - Unarmed
rCold  . . .     Gourm    .     (no shield)
rNeg   . . .     Faith    .     (helmet restricted)
rPois  .         Spirit   .     (no amulet)
rElec  .         Dismiss  .     (no ring)
rCorr  .         Reflect  .     (no ring)
SustAt .         Harm     .     (no ring)
MR     .....                    (no ring)
Stlth  ++++......               (no ring)
                                (no ring)
                                (no ring)
                                (no ring)

@: not resistant to hostile enchantments, stealthy
A: almost no armour, amphibious, 8 rings, constrict 8, camouflage 1, gelatinous
body 1
a: no special abilities


You were on level 5 of the Dungeon.
You were not hungry.

You visited 1 branch of the dungeon, and saw 5 of its levels.

You collected 109 gold pieces.

Inventory:

Scrolls
 b - a scroll of recharging {unknown}
 c - a scroll of identify {unknown}
 d - a scroll of remove curse {unknown}
 e - a scroll of amnesia {unknown}
 j - a scroll of fog {unknown}
 m - a scroll of enchant weapon {unknown}
 n - a scroll of random uselessness {unknown}
 p - 3 scrolls of enchant armour {unknown}
Potions
 k - a potion of lignification {unknown}
 l - a potion of might {unknown}
 o - a potion of invisibility {unknown}
 q - a potion of curing {unknown}
Comestibles
 a - 7 bread rations
 f - a slice of pizza
 g - a royal jelly
 h - 3 fruits
 i - 3 meat rations


   Skills:
 - Level 3.0 Fighting
 - Level 3.0 Dodging
 + Level 5.5 Stealth
 + Level 5.0 Unarmed Combat


You had 3 spell levels left.
You didn't know any spells.

Dungeon Overview and Level Annotations

Branches:
Dungeon (4/15)
 Temple: D:4-7

Altars:
Kikubaaqudgha


Innate Abilities, Weirdness & Mutations

You cannot wear most types of armour.
You are amphibious.
You can wear up to eight rings at the same time.
You can use your tentacles to constrict eight enemies at once.
Your skin changes colour to match your surroundings (Stealth).
Your rubbery body absorbs attacks (AC +1).


Message History

You tentacle-slap the ogre.
The ogre is lightly wounded.
You tentacle-slap the ogre.
The ogre is lightly wounded.
The ogre barely misses you.
You tentacle-slap the ogre.
The ogre is moderately wounded.
The ogre hits you with a giant club!
* * * LOW HITPOINT WARNING * * *
You barely miss the ogre. You squeeze the ogre!
The ogre is severely wounded.
The ogre barely misses you.
You tentacle-slap the ogre but do no damage.
Your squeeze misses the ogre.
The ogre is severely wounded.
You barely miss the ogre.
The ogre is severely wounded.
The ogre hits you with a giant club!!
Ouch! That really hurt!
You die...

#. .
###.
#..
#..
#.#
#.#
#@#
#O#
#..
....
.####
#. #.
#.


You could see an ogre.

Vanquished Creatures
  2 orc wizards (D:4)
  Terence (D:3)
  An adder (D:4)
  3 orcs
  2 goblins (D:1)
  A hobgoblin (D:1)
  4 kobolds
  A ball python (D:1)
  6 bats
  3 giant newts
  2 rats
26 creatures vanquished.

Notes
Turn   | Place    | Note
--------------------------------------------------------------
     0 | D:1      | M4edhros the Octopode Monk began the quest for the Orb.
     0 | D:1      | Reached XP level 1. HP: 16/16 MP: 1/1
   360 | D:1      | Reached XP level 2. HP: 14/21 MP: 2/2
   602 | D:2      | Found an ancient bone altar of Kikubaaqudgha.
   669 | D:3      | Noticed Terence
   679 | D:3      | Killed Terence
   679 | D:3      | Reached XP level 3. HP: 22/26 MP: 3/3
   815 | D:4      | Reached skill level 5 in Stealth
   815 | D:4      | Reached XP level 4. HP: 16/31 MP: 4/4
   869 | D:4      | Reached skill level 5 in Unarmed Combat
   953 | D:3      | Noticed a centaur
  1113 | D:3      | You fall through a shaft for 2 floors!
  1113 | D:5      | Entered Level 5 of the Dungeon
  1113 | D:5      | Noticed an ogre
  1119 | D:5      | Mangled by an ogre

Vault maps used:
D:1:      evilmike_arrival_hilbert_curve
D:2:      nicolae_overflow_hidden_temple
D:3:      uniq_terence
D:4:      nicolae_ru_path_of_blood, gammafunk_temple_overflow_wave, first_bread,
          serial_forest, infiniplex_forest_diagonal, infiniplex_forest_end_2,
          infiniplex_forest_zigzag_1, infiniplex_forest_straight_2,
          infiniplex_forest_lined_corner, infiniplex_forest_clump_double,
          uniq_grinder, uniq_sigmund
D:5:      gup_ossuary_entry_pyramid, grunt_decor_fettered,
          kb_lookout_dungeons_type

Action                   |  1- 3 |  4- 6 || total
-------------------------+-------+-------++-------
Melee: Unarmed           |    36 |    22 ||    58
 Stab: Sleeping          |     9 |     2 ||    11
  Eat: Chunk             |       |     1 ||     1
